 Dungeon Crawl Stone Soup version 0.25-a0-589-g1e14c54 (webtiles) character file.

Game seed: 13530766933205611128, levelgen mode: deterministic

107 Faca the Poker (level 4, 0/37 HPs)
             Began as a Merfolk Gladiator on Mar 11, 2020.
             Slain by a rat (2 damage)
             ... on level 3 of the Dungeon.
             The game lasted 00:03:59 (1980 turns).

Faca the Poker (Merfolk Gladiator)                  Turns: 1980, Time: 00:03:59

Health: 0/37       AC:  6    Str: 15    XL:     4   Next: 85%
Magic:  4/4        EV: 12    Int:  7    God:
Gold:   120        SH:  0    Dex: 15    Spells: 3/3 levels left

rFire    . . .     SeeInvis .   a - +0 trident
rCold    . . .     Gourm    .   (no shield)
rNeg     . . .     Faith    .   h - +0 ring mail
rPois    .         Spirit   .   c - +0 helmet
rElec    .         Reflect  .   (no cloak)
rCorr    .         Harm     .   (no gloves)
MR       .....                  (no boots)
Stlth    +.........             (no amulet)
HPRegen  0.12/turn              (no ring)
MPRegen  0.09/turn              (no ring)

@: no status effects
A: change form in water, swift swim, stealthy swim
a: no special abilities


You were on level 3 of the Dungeon.
You were not hungry.

You visited 1 branch of the dungeon, and saw 3 of its levels.

You collected 120 gold pieces.

Inventory:

Hand Weapons
 a - a +0 trident (weapon)
Missiles
 d - 3 throwing nets (quivered)
 o - 2 boomerangs
Armour
 c - a +0 helmet (worn)
 h - a +0 ring mail (worn)
Wands
 m - a wand of flame (10)
Scrolls
 g - a scroll of remove curse
 i - a scroll of teleportation {unknown}
Potions
 b - a potion of cancellation
 e - 2 potions of haste {unknown}
 j - 2 potions of mutation
 k - 2 potions of flight {unknown}
 l - a potion of ambrosia
 n - a potion of berserk rage {unknown}
Comestibles
 f - 7 rations


   Skills:
 + Level 4.1 Fighting
 + Level 6.3 Polearms
 - Level 2.0 Throwing
 - Level 4.0 Dodging


You had 3 spell levels left.
You didn't know any spells.
Your spell library was empty.

Dungeon Overview and Level Annotations

Branches:
Dungeon (3/15)

Altars:
Elyvilon
Trog


Message History

Attack whom?
Press: ? - help, Dir - move target cursor, f - giant cockroach
Aim: a giant cockroach You reach to attack!
You hit the giant cockroach but do no damage.
The giant cockroach closely misses you.
The centaur shoots an arrow.
The arrow hits you.
The giant cockroach bites you but does no damage.
You see here an arrow.
The centaur shoots an arrow.
The arrow hits you!
* * * LOW HITPOINT WARNING * * *
You see here an arrow.
The giant cockroach bites you but does no damage.
A rat comes into view.
The rat moves out of view.
You barely miss the rat. The giant cockroach barely misses you.
The centaur unwields a +0 shortbow.
The centaur hits you.
* * * LOW HITPOINT WARNING * * *
The rat bites you.
You die...

#..........................c..
#............................
................r..........#
........#......((.# #....####.
........#......##.#####........(.
###...###.....r##.c.....(........
#..............###..(.((.........
#..(..........r###...............
...............s@r...............
...............c........###......
........#...............# #......
........+......##.......#########
........#........................
.##.#####.......)................
.##.# #..........................
)##.###...#......................
.#........#....................รท.


You could see a centaur, a quokka, a giant cockroach and a rat.

Vanquished Creatures
  Terence (D:3)
  An adder (D:3)
  2 worms
  2 dart slugs
  3 leopard geckos
  An orc (D:3)
  A giant cockroach (D:1)
  10 hobgoblins
  3 jackals (D:2)
  6 kobolds
  A quokka (D:3)
  5 bats
  4 frilled lizards
  9 goblins
  7 rats
56 creatures vanquished.

Notes
Turn   | Place    | Note
-------+----------+-------------------------------------------
     0 | D:1      | Faca the Merfolk Gladiator began the quest for the Orb.
     0 | D:1      | Reached XP level 1. HP: 16/16 MP: 1/1
    94 | D:1      | Reached XP level 2. HP: 21/23 MP: 2/2
   153 | D:1      | Reached skill level 5 in Polearms
   630 | D:2      | Reached XP level 3. HP: 28/29 MP: 3/3
   916 | D:2      | Found a bloodstained altar of Trog.
  1215 | D:2      | Found a white marble altar of Elyvilon.
  1436 | D:3      | Reached XP level 4. HP: 30/35 MP: 4/4
  1662 | D:3      | Noticed Terence
  1686 | D:3      | Killed Terence
  1686 | D:3      | Reached skill level 6 in Polearms
  1961 | D:3      | Noticed a centaur
  1980 | D:3      | Slain by a rat

Levels and vault maps discovered:
D:1:      heliophobic_arrival_ceremonial_halls, layout_loops_ring
D:2:      layout_loops_cross, elyvilon_altar_5, bloody_trog,
          minmay_misc_feat_diagonals
D:3:      layout_basic, nicolae_overflow_crystal_walls, grunt_ministairs_7,
          uniq_terence

Skill      XL: |  1  2  3  4 |
---------------+-------------+-----
Polearms       | 5 6 |  6.3
Fighting       | 3 4 |  4.1
Throwing       | |  2.0
Dodging        | |  4.0

Action                   |  1- 3 |  4- 6 || total
-------------------------+-------+-------++-------
Melee: Trident           |   185 |    40 ||   225
  Use: Scroll            |     4 |     1 ||     5
 Stab: Sleeping          |     1 |       ||     1
  Eat: Chunk             |     2 |     2 ||     4
Armor: Leather armour    |    13 |       ||    13
       Ring mail         |    44 |     7 ||    51
Dodge: Dodged            |    97 |    23 ||   120

Table legend:
 A = Non-vault XP
 B = Vault XP
 C = Vault XP percentage of total XP
 D = Non-vault monster count
 E = Vault monster count
 F = Vault count percentage of total count
                 A         B        C        D         E       F
            +---------+---------+-------+---------+---------+-------
      Total |     113 |      40 |  26.1 |      53 |       3 |   5.4
            +---------+---------+-------+---------+---------+-------
        D:1 |      31 |       0 |   0.0 |      19 |       0 |   0.0
        D:2 |      42 |       0 |   0.0 |      20 |       0 |   0.0
        D:3 |      40 |      40 |  50.0 |      14 |       3 |  17.6
            +---------+---------+-------+---------+---------+-------
